 Dungeon Crawl Stone Soup version 0.31.0-12-g77e489cdc1 (webtiles) character file.

Game seed: 14777842420287436052

117 gohu the Digger (level 5, -4/28 HPs)
             Began as a Gargoyle Earth Elementalist on Feb 26, 2024.
             Slain by an orc warrior
             ... wielding a +0 short sword
              (6 damage)
             ... on level 4 of the Dungeon.
             The game lasted 00:05:13 (3102 turns).

gohu the Digger (Gargoyle Earth Elementalist)       Turns: 3102, Time: 00:05:14

Health: -4/28      AC:  8    Str: 11    XL:     5   Next: 1%
Magic:  3/8        EV: 11    Int: 18    God:
Gold:   188        SH:  0    Dex: 10    Spells: 1/8 levels left

rFire   . . .        j - staff of earth
rCold   . . .        (no shield)
rNeg    + . .        a - +0 robe
rPois   ∞            g - +1 helmet
rElec   +            (no cloak)
rCorr   .            (no gloves)
SInv    .            (no boots)
Will    .....        (no amulet)
Stlth   ++           (no ring)
HPRegen 0.24/turn    (no ring)
MPRegen 0.11/turn

%: no passive effects
@: no status effects
A: sickness immunity, AC +4, negative energy resistance 1, electricity
resistance, torment resistance 1, petrification resistance
a: no special abilities


You were on level 4 of the Dungeon.
You visited 1 branch of the dungeon, and saw 4 of its levels.

You collected 188 gold pieces.

Inventory:

Hand Weapons
 l - a +0 sling
Missiles
 i - 6 atropa-tipped darts
Armour
 a - a +0 robe (worn)
 g - a +1 helmet (worn)
Magical Staves
 j - a staff of earth (weapon)
Scrolls
 c - 7 scrolls of identify {unknown}
 d - 2 scrolls of revelation {unknown}
 e - 2 scrolls of enchant armour {unknown}
 h - 2 scrolls of teleportation {unknown}
Potions
 b - a potion of magic
 f - 3 potions of degeneration {unknown}
 k - a potion of heal wounds {unknown}
 m - a potion of curing {unknown}


   Skills:
 + Level 0.8 Fighting
 - Level 1.5 Dodging
 - Level 2.1 Stealth
 + Level 2.1 Spellcasting
 * Level 1.8 Conjurations
 + Level 6.2 Earth Magic


You had one spell level left.
You knew the following spells:

 Your Spells              Type           Power      Damage    Failure   Level
a - Sandblast             Erth           72%        2d16      1%          1
b - Stone Arrow           Conj/Erth      48%        3d10      11%         3
c - Passwall              Erth           36%        N/A       4%          3

Your spell library contained the following spells:

 Spells                   Type           Power      Damage    Failure   Level
 Magic Dart               Conj           32%        1d4       9%          1
 Blink                    Tloc           2%         N/A       26%         2
 Call Imp                 Summ           2%         N/A       26%         2
 Brom's Barrelling Bould  Conj/Erth      24%        2d5       34%         4
 Petrify                  Alch/Erth      19%        N/A       45%         4


Dungeon Overview and Level Annotations

Branches:
Dungeon (4/15)
 Temple: D:4-7

Altars:
Kikubaaqudgha
Wu Jian
Zin


Innate Abilities, Weirdness & Mutations

You are immune to sickness and miasma.
Your stone body is resilient. (AC +4)
You are immune to poison.
You resist negative energy. (rN+)
You are resistant to electric shocks. (rElec)
You are resistant to unholy torment.
You are immune to petrification.


Message History

Press: ? - help, Shift-Dir - straight line, f - orc warrior
Aim: an orc warrior, wielding a +0 short sword and wearing a +0 plate armour (84% to hit)
You feel a surge of power!
The blast of sand hits the orc warrior.
The orc warrior is lightly wounded.
Casting: Sandblast (safe; 1% risk of failure)
Confirm with . or Enter, or press ? or * to list all spells.
Aiming: Sandblast (safe; 1% risk of failure)
Press: ? - help, Shift-Dir - straight line, f/p - orc warrior
Aim: an orc warrior, wielding a +0 short sword and wearing a +0 plate armour (lightly wounded, 84% to hit)
You feel a surge of power!
The blast of sand hits the orc warrior.
The orc warrior is lightly wounded.
Casting: Sandblast (safe; 1% risk of failure)
Confirm with . or Enter, or press ? or * to list all spells.
Aiming: Sandblast (safe; 1% risk of failure)
Press: ? - help, Shift-Dir - straight line, f/p - orc warrior
Aim: an orc warrior, wielding a +0 short sword and wearing a +0 plate armour (lightly wounded, 84% to hit)
You feel a surge of power!
The blast of sand hits the orc warrior!
The orc warrior is severely wounded.
The orc warrior closely misses you.
The orc warrior hits you with a +0 short sword!
Casting: Sandblast (safe; 1% risk of failure)
Confirm with . or Enter, or press ? or * to list all spells.
Aiming: Sandblast (safe; 1% risk of failure)
Press: ? - help, Shift-Dir - straight line, f/p - orc warrior
Aim: an orc warrior, wielding a +0 short sword and wearing a +0 plate armour (severely wounded, 84% to hit)
You feel a surge of power!
The blast of sand hits the orc warrior!
The orc warrior is almost dead.
The orc warrior hits you with a +0 short sword.
Casting: Sandblast (safe; 1% risk of failure)
Confirm with . or Enter, or press ? or * to list all spells.
Aiming: Sandblast (safe; 1% risk of failure)
Press: ? - help, Shift-Dir - straight line, f/p - orc warrior
Aim: an orc warrior, wielding a +0 short sword and wearing a +0 plate armour (almost dead, 84% to hit)
You feel a surge of power!
The blast of sand hits the orc warrior but does no damage.
The orc warrior is almost dead.
The orc warrior hits you with a +0 short sword!
* * * LOW HITPOINT WARNING * * *
The orc warrior hits you with a +0 short sword.
You die...

### ...(.## # # #..
....... # #.#.#
.#..... # #.#.##
.#....... # #....#
.#....... #
#.#.)##.#.....#+#####
#
#.......#...........#
# ###.#..##.....@..#
# #.##..#.....o..# #
#.###.#........# #.#
#..........# #.#
###.###.#+## #.#
#...>.# #.# ####.##
#####.# ..). ......#
##. ...


You could see an orc warrior.

Vanquished Creatures
  An iguana (D:4)
  2 adders (D:2)
  3 dart slugs
  7 orcs
  5 endoplasms
  A giant cockroach (D:3)
  4 goblins
  8 hobgoblins
  2 quokkas (D:2)
  7 ball pythons
  3 bats
  12 frilled lizards
  3 kobolds (D:1)
  3 rats
61 creatures vanquished.

Notes
Turn   | Place    | Note
-------+----------+-------------------------------------------
     0 | D:1      | gohu the Gargoyle Earth Elementalist began the quest for
                  | the Orb.
     0 | D:1      | Reached XP level 1. HP: 10/10 MP: 3/3
   112 | D:1      | Reached skill level 4 in Earth Magic
   227 | D:1      | Reached XP level 2. HP: 15/15 MP: 3/5
   791 | D:1      | Found a faded altar of an unknown god.
   838 | D:1      | Reached skill level 5 in Earth Magic
   838 | D:1      | Reached XP level 3. HP: 19/19 MP: 3/6
   871 | D:1      | Learned a level 3 spell: Stone Arrow
  1389 | D:2      | Reached XP level 4. HP: 24/24 MP: 1/7
  1864 | D:2      | Reached skill level 6 in Earth Magic
  2272 | D:3      | Found an ornate altar of the Wu Jian Council.
  2277 | D:3      | Learned a level 3 spell: Passwall
  2981 | D:4      | Found an ancient bone altar of Kikubaaqudgha.
  2996 | D:4      | Found a glowing silver altar of Zin.
  3040 | D:4      | Reached XP level 5. HP: 28/28 MP: 5/8
  3095 | D:4      | Noticed an orc warrior
  3102 | D:4      | Slain by an orc warrior

Illustrated notes

Levels and vault maps discovered:
D:1:      minmay_arrival_radiant_lines, layout_basic,
          ebering_ecumenical_altar_abandoned
D:2:      layout_basic, minmay_lizard_king
D:3:      layout_loops_ring, nicolae_wu_jian_glorious_leap,
          minmay_splitting_lines, minivault_5
D:4:      layout_basic, grunt_gozag_breadcrumbs, tso_altar,
          amethyst_overflow_temple_binary, minmay_temple_entry_statues_pillars,
          hangedman_decor_clover_reticule

Skill      XL: |  1  2  3  4 |
---------------+-------------+-----
Earth Magic    | 4 5 6 |  6.2
Fighting       | |  0.8
Dodging        | |  1.5
Stealth        | |  2.1
Spellcasting   | |  2.1
Conjurations   | |  1.8

Action                     |  1- 3 |  4- 6 || total
---------------------------+-------+-------++-------
   Cast: Sandblast         |    43 |    37 ||    80
 Armour: Robe              |     3 |    11 ||    14
  Dodge: Dodged            |       |     4 ||     4
